[Event "Early-Titled-Tuesday-Blitz-February-20-2024"]
[Site "Chess.com"]
[Date "2024.02.20"]
[Round "2"]
[White "nindjaxx8"]
[Black "platy3"]
[Result "0-1"]
[WhiteElo "2628"]
[BlackElo "2968"]
[TimeControl "180+1"]
[EndTime "8:17:23 PST"]
[Termination "platy3 won on time"]

1. d4 Nf6 2. c4 e6 3. Nc3 d5 4. cxd5 exd5 5. Bg5 c6 6. e3 h6 7. Bh4 Be7 8. Nf3 Bf5 9. Bd3 Bxd3 10. Qxd3 Nbd7 11.
O-O O-O 12. Rab1 a5 13. a3 a4 14. Ne2 Ne4 15. Bxe7 Qxe7 16. Rfc1 Nd6 17. Ng3 g6 18.
Re1 Rfe8 19. Nd2 Nf6 20. f3 h5 21. Ngf1 h4 22. h3 Nh5 23. Qc3 Qg5 24. Re2 Re6 25.
Rbe1 Rae8 26. Qc2 Nf5 27. Qc3 Nhg3 28. Nxg3 Nxg3 29. f4 Nxe2+ 30. Rxe2 Qe7 31. Kf2 g5 32. fxg5 Qxg5 33. Nf3 Qg3+ 34. Kf1 Rf6 35. Rf2 Kg7 36. Qd3 Re4 37. Qd2 Rfe6 38. Re2 f5 39. Ne5 f4 40. Qa5 Qg5 41. exf4 Qxf4+ 42. Ke1 Rxe2+ 43. Kxe2 Qxd4 44. Qc7+ Kh6 0-1

[Event "Early-Titled-Tuesday-Blitz-February-20-2024"]
[Site "Chess.com"]
[Date "2024.02.20"]
[Round "2"]
[White "adotand"]
[Black "Egor_Koshulyan"]
[Result "0-1"]
[WhiteElo "2947"]
[BlackElo "2632"]
[TimeControl "180+1"]
[EndTime "8:17:23 PST"]
[Termination "Egor_Koshulyan won by resignation"]

1. d4 Nf6 2. Nf3 d5 3. c3 Bf5 4. Qb3 Qc8 5. Bf4 e6 6. e3 Bd6 7. Nbd2 O-O 8. Bg5 Nbd7 9. Be2 c5 10. O-O h6 11. Bh4 c4 12. Qd1 b5 13. Bg3 Be7 14. b3 b4 15. Qc1 cxb3 16. c4 dxc4 17. Nxc4 bxa2 18. Nfd2 Nd5 19. e4 Nc3 20. Bf3 Bh7 21.
Qb2 a5 22. Rfc1 Qa6 23. Bc7 Rac8 24. Bxa5 Rxc4 25. Nxc4 Qxc4 26. e5 Bg5 27. Re1 Rb8 28. g3 Rb5 29. h4 Be7 30. Be2 Nxe2+ 31. Rxe2 Rxa5 32. Ree1 b3 33. Rec1 Bc2 0-1

[Event "Early-Titled-Tuesday-Blitz-February-20-2024"]
[Site "Chess.com"]
[Date "2024.02.20"]
[Round "2"]
[White "Yan_Dyomin2010"]
[Black "DmitriiZakurdaev"]
[Result "1-0"]
[WhiteElo "2733"]
[BlackElo "2458"]
[TimeControl "180+1"]
[EndTime "8:17:23 PST"]
[Termination "Yan_Dyomin2010 won on time"]

1. e4 c6 2. d4 d5 3. e5 Bf5 4.
Nf3 e6 5. Be2 Nd7 6. O-O h6 7.
Nbd2 Ne7 8. Re1 c5 9. c4 Qc7 10. Qa4 dxc4 11. Nxc4 Nd5 12. Nd6+ Bxd6 13. exd6 Qxd6 14. Ne5 Nb6 15. dxc5 Qxc5 16. Nxd7 Nxa4 17.
Nxc5 Nxc5 18. Be3 Nd3 19. Red1 Ne5 20. Bb5+ Nc6 21. Bc5 a6 22. Be2 Rd8 23. Bf3 Bc2 24. Rdc1 Bd3 25. b4 f6 26. Bb6 Rc8 27. a4 Kf7 28.
Bc5 a5 29. b5 Ne5 30. Bxb7 Rc7 31. Ba6 Rd7 32. Be3 Be4 33. b6 Bd3 34. Bxd3 Nxd3 35. Rd1 Rhd8 36. Kf1 Nb4 37. Rxd7+ Rxd7 38. Rc1 Rd3 39.
b7 1-0

[Event "Early-Titled-Tuesday-Blitz-February-20-2024"]
[Site "Chess.com"]
[Date "2024.02.20"]
[Round "2"]
[White "Christ_is_alive"]
[Black "LiadCuba"]
[Result "1-0"]
[WhiteElo "2287"]
[BlackElo "2504"]
[TimeControl "180+1"]
[EndTime "8:17:23 PST"]
[Termination "Christ_is_alive won on time"]

1. e4 d5 2. exd5 Nf6 3. Bb5+ Nbd7 4. d4 a6 5. Be2 b5 6. Nf3 Nb6 7. O-O Bb7 8. Re1 Nbxd5 9. a4 b4 10. c4 bxc3 11.
bxc3 e6 12. c4 Nb4 13. a5 Rb8 14. Ne5 Be7 15. Qa4+ Kf8 16. Rd1 Qe8 17. Nc3 Qxa4 18. Rxa4 Nc6 19. Bf4 Nxe5 20. Bxe5 Bd6 21. c5 Bxe5 22.
dxe5 Nd5 23. Nxd5 Bxd5 24. Bxa6 Ke7 25. Bc4 Bc6 26. Ra2 Rb4 27. Bf1 Ra8 28. g3 Bd5 29.
Ra3 g5 30. a6 g4 31. Rda1 Kd7 32. Ra4 1-0

[Event "Early-Titled-Tuesday-Blitz-February-20-2024"]
[Site "Chess.com"]
[Date "2024.02.20"]
[Round "2"]
[White "Szparu"]
[Black "ninguno46"]
[Result "1-0"]
[WhiteElo "2790"]
[BlackElo "2553"]
[TimeControl "180+1"]
[EndTime "8:17:24 PST"]
[Termination "Szparu won on time"]

1. e4 c5 2. Nf3 Nc6 3. Bb5 d6 4.
d4 cxd4 5. Qxd4 Bd7 6. Qd3 g6 7.
O-O Bg7 8. c4 Nf6 9. Nc3 O-O 10.
Be3 Bg4 11. Nd2 Nd7 12. f3 Be6 13. Nb3 Nce5 14. Qd2 a6 15. Bxd7 Nxc4 16. Qe2 Qxd7 17. Bd4 f6 18. Nd5 b5 19. a4 Qb7 20. axb5 axb5 21. Rad1 Ra2 22. Bc3 Rc8 23. Nd4 Bf7 24.
Nb4 Raa8 25. Nd5 e5 26. Nc2 Nb6 27. Qxb5 Bxd5 28. Rxd5 Qc6 29. Qxc6 Rxc6 30. Rd3 Na4 31. Nb4 Rb6 32. Nd5 Rb7 33. Ra1 Nb6 34. Rxa8+ Nxa8 35. Bb4 Rd7 36. Ra3 Nc7 37. Nb6 Rf7 38.
Bxd6 1-0

[Event "Early-Titled-Tuesday-Blitz-February-20-2024"]
[Site "Chess.com"]
[Date "2024.02.20"]
[Round "2"]
[White "SAInt_666"]
[Black "shimastream"]
[Result "0-1"]
[WhiteElo "2636"]
[BlackElo "2980"]
[TimeControl "180+1"]
[EndTime "8:17:25 PST"]
[Termination "shimastream won on time"]

1. e4 c6 2. d4 d5 3. Nc3 h6 4.
e5 Bf5 5. g4 Bd7 6. f4 e6 7.
Be3 Qc7 8. Nf3 c5 9. Qd2 h5 10. gxh5 Nh6 11. dxc5 Bxc5 12. Nb5 Bxb5 13. Bxb5+ Nd7 14. Bxd7+ Kxd7 15. O-O-O Nf5 16. Bxc5 Qxc5 17.
Ng5 Ke7 18. Kb1 b5 19. Rhg1 Rxh5 20. Nf3 g6 21. c3 Rah8 22. Rg2 Ne3 23. Qf2 Qb6 24.
Rd4 Nxg2 25. Qxg2 a5 26. a3 Qc5 27. Qg3 Rb8 28. Nd2 Rbh8 29. Nf3 Kf8 30. Ka2 Kg7 31.
Rd2 Qc4+ 32. Kb1 Qe4+ 33. Ka2 Rh3 34. Ng5 Rxg3 35. Nxe4 Rf3 36. Ng5 Rxf4 0-1

[Event "Early-Titled-Tuesday-Blitz-February-20-2024"]
[Site "Chess.com"]
[Date "2024.02.20"]
[Round "2"]
[White "wild3000"]
[Black "Raffael89"]
[Result "1-0"]
[WhiteElo "2411"]
[BlackElo "1829"]
[TimeControl "180+1"]
[EndTime "8:17:25 PST"]
[Termination "wild3000 won by checkmate"]

1. d4 d5 2. Nf3 Nf6 3. e3 Bf5 4. Be2 c6 5. c4 h6 6. Nc3 e6 7. a3 a5 8. O-O Bd6 9. Ne5 O-O 10. f4 c5 11. cxd5 cxd4 12. exd4 Nxd5 13. Nxd5 exd5 14. Bd2 Nc6 15. Bc3 Qb6 16. Kh1 Rfe8 17. Bf3 Be4 18. Bxe4 dxe4 19. Qh5 Bxe5 20. fxe5 Nxd4 21.
Qxf7+ Kh8 22. Rad1 Ne6 23. Rd6 Qb3 24. Re1 Ng5 25. Qg6 Re6 26. Rxe6 Nxe6 27. Qxe4 Rd8 28. h3 Rd1 29. Kh2 Ng5 30. Qe2 Rxe1 31. Qxe1 Qe6 32.
Bxa5 Nf7 33. Bc3 b5 34. Qe2 Qe8 35. e6 Nd6 36. Qe5 Nc4 37. Qxg7# 1-0

[Event "Early-Titled-Tuesday-Blitz-February-20-2024"]
[Site "Chess.com"]
[Date "2024.02.20"]
[Round "2"]
[White "Bauman_Guy"]
[Black "Huragan007"]
[Result "1-0"]
[WhiteElo "2902"]
[BlackElo "2601"]
[TimeControl "180+1"]
[EndTime "8:17:26 PST"]
[Termination "Bauman_Guy won by resignation"]

1. e4 c5 2. Nf3 d6 3. d4 cxd4 4.
Nxd4 Nf6 5. Nc3 g6 6. Be3 Bg7 7.
f3 Nc6 8. Qd2 O-O 9. O-O-O d5 10. exd5 Nxd5 11. Nxc6 bxc6 12. Bd4 e5 13. Bc5 Be6 14.
Ne4 Re8 15. h4 h6 16. h5 g5 17. g4 Rb8 18. Bc4 Qc7 19. Bd6 Qb7 20. Bxb8 Rxb8 21. Bb3 Qb6 22. Qf2 Qc7 23. Nc5 Qa5 24. Nxe6 fxe6 25. Qe1 Qb6 26. Qe4 a5 27. a4 Qc5 28.
Kb1 Rb4 29. Qg6 Qe7 30. Qd3 Qc5 31. Rhe1 Rd4 32. Qg6 Rxd1+ 33. Rxd1 Qe7 34. Re1 Nf4 35. Qe4 Nd5 36. c3 Qb7 37. Ka2 Qb6 38. Bc2 Qc5 39. Bd3 Kf8 40. Re2 Nf4 41. Rd2 Nd5 42.
Bc4 Ke7 43. Bb3 Kf8 44. Qc4 Qb6 45. Qe4 Ke7 46. Qg6 Bf6 47. Qxh6 Qe3 48. Qh7+ Kd6 49.
Qd3 Qb6 50. c4 e4 51. fxe4 Ke7 52. exd5 cxd5 53. cxd5 Qb4 54. d6+ Kd7 55. Qb5+ Qxb5 56. axb5 1-0

[Event "Early-Titled-Tuesday-Blitz-February-20-2024"]
[Site "Chess.com"]
[Date "2024.02.20"]
[Round "2"]
[White "SHIVACalypso"]
[Black "MasterofMasters2006"]
[Result "0-1"]
[WhiteElo "2505"]
[BlackElo "2288"]
[TimeControl "180+1"]
[EndTime "8:17:27 PST"]
[Termination "MasterofMasters2006 won by resignation"]

1. c4 c5 2. g3 g6 3. Bg2 Bg7 4. Nc3 Nc6 5. e3 e6 6. Nge2 Nge7 7. O-O O-O 8. d4 cxd4 9. exd4 d5 10. cxd5 exd5 11. Nf4 Be6 12. Nxe6 fxe6 13. Be3 Nf5 14. Re1 Qd7 15. Bh3 Nfxd4 16. Bxd4 Nxd4 17. Nxd5 Qxd5 18. Bxe6+ Qxe6 19. Rxe6 Nxe6 20. Qd5 Rae8 21. Re1 Rf6 22. Qxb7 h6 23. Qxa7 Ref8 24. a4 R6f7 25. Qb6 Ng5 26. Re2 Kh7 27. a5 Bd4 28. Qc6 Rxf2 29. Qd7+ R8f7 30. Qxd4 Nf3+ 31. Kxf2 Nxd4+ 32. Ke3 Nxe2 33. Kxe2 Rb7 34. Kd3 Rxb2 35. Kc4 Rxh2 36. Kb3 Rg2 37.
a6 Rxg3+ 38. Kb4 Rg1 0-1

[Event "Early-Titled-Tuesday-Blitz-February-20-2024"]
[Site "Chess.com"]
[Date "2024.02.20"]
[Round "2"]
[White "Dinosaurio_1975"]
[Black "DonkyDonkyDonkey"]
[Result "0-1"]
[WhiteElo "2608"]
[BlackElo "2920"]
[TimeControl "180+1"]
[EndTime "8:17:28 PST"]
[Termination "DonkyDonkyDonkey won by resignation"]

1. e4 e5 2. Nf3 d5 3. Nxe5 Bd6 4.
d4 dxe4 5. Nc3 Bxe5 6. dxe5 Qxd1+ 7. Nxd1 Nc6 8. Bf4 Nge7 9. Bb5 Bf5 10. Ne3 O-O-O 11.
Nxf5 Nxf5 12. Bxc6 bxc6 13. c3 h6 14. Rd1 g5 15. Bg3 h5 16. h4 g4 17. Bf4 Rxd1+ 18.
Kxd1 Rd8+ 19. Kc2 Rd3 20. Re1 Nxh4 21. Rxe4 Rd5 22. c4 Ra5 23. g3 Nf3 24. a3 c5 25.
Kc3 Kd7 26. Re3 h4 27. gxh4 Nxh4 28. Rd3+ Ke6 29. Rd8 Ng6 30. Bg3 Ra6 31. Rd5 Rc6 32.
b4 cxb4+ 33. axb4 Ra6 34. b5 Ra2 35. Rd8 Ne7 36. c5 Nf5 37. c6 Ra5 38. Kb4 Ra1 39.
Rd7 Rb1+ 40. Kc4 Rc1+ 41. Kb4 Ne7 42. Ka5 Ra1+ 43. Kb4 Nd5+ 44. Kc4 Rc1+ 45. Kb3 Rc5 46. Ka4 Nb6+ 47. Kb4 Nxd7 48. cxd7 Rd5 49. Kc4 Rxd7 0-1

[Event "Early-Titled-Tuesday-Blitz-February-20-2024"]
[Site "Chess.com"]
[Date "2024.02.20"]
[Round "2"]
[White "ozates"]
[Black "Elsa167"]
[Result "0-1"]
[WhiteElo "2592"]
[BlackElo "2892"]
[TimeControl "180+1"]
[EndTime "8:17:29 PST"]
[Termination "Elsa167 won by resignation"]

1. e4 c6 2. Nf3 d5 3. d3 dxe4 4. dxe4 Qxd1+ 5. Kxd1 g6 6. Ne5 Bg7 7. Nd3 f5 8. e5 b6 9. f4 Bb7 10. a4 c5 11. Nc3 Nc6 12. Be3 O-O-O 13. Kc1 g5 14. b3 gxf4 15. Bxf4 Nd4 16. a5 Ne6 17.
axb6 Nxf4 18. bxa7 Nxd3+ 19. Bxd3 Kc7 20. Nb5+ Kb6 21.
Re1 Nh6 22. Na3 Kxa7 23. Nc4+ Kb8 24. Ra5 Rd5 25. Nb6 Rd4 26. Kd2 Ng4 27. e6 Ne5 28. Rxc5 Nxd3 29. cxd3 Be4 30. Nd7+ Kb7 31. Rb5+ Kc7 32.
Rc1+ Bc6 33. Rbc5 Rd6 34. b4 Bh6+ 35. Ke2 Bxc1 36. Rxc1 Rxe6+ 0-1

[Event "Early-Titled-Tuesday-Blitz-February-20-2024"]
[Site "Chess.com"]
[Date "2024.02.20"]
[Round "2"]
[White "Aygehovit1992"]
[Black "marsofsilva"]
[Result "1-0"]
[WhiteElo "2692"]
[BlackElo "2162"]
[TimeControl "180+1"]
[EndTime "8:17:29 PST"]
[Termination "Aygehovit1992 won by resignation"]

1. e4 c5 2. Nf3 Nc6 3. Bb5 Nf6 4. Bxc6 dxc6 5. d3 g6 6. Be3 b6 7. a4 Bg7 8. h3 O-O 9. a5 Rb8 10. axb6 axb6 11. Nbd2 Ne8 12. Qc1 Nc7 13. Nc4 Ne6 14. Bh6 Nd4 15. Nxd4 cxd4 16. Bxg7 Kxg7 17. Qf4 Be6 18. Nd2 Ra8 19. O-O Qd7 20. Nf3 f6 21. e5 c5 22. exf6+ exf6 23. Nd2 Bd5 24. h4 Qc6 25. Qg3 Rfe8 26. h5 Re2 27. Rxa8 Qxa8 28. Qc7+ Kg8 29. h6 Qf8 30. Nc4 Bxc4 31. dxc4 Qxh6 32. Ra1 Qf8 33. g3 Re8 34. Ra7 Qh6 35.
Qf7+ 1-0

[Event "Early-Titled-Tuesday-Blitz-February-20-2024"]
[Site "Chess.com"]
[Date "2024.02.20"]
[Round "2"]
[White "Salem-AR"]
[Black "Fumitoks"]
[Result "1-0"]
[WhiteElo "2999"]
[BlackElo "2638"]
[TimeControl "180+1"]
[EndTime "8:17:30 PST"]
[Termination "Salem-AR won on time"]

1. d4 Nf6 2. Nf3 b6 3. Bf4 Bb7 4. e3 e6 5. h3 d6 6. c4 Nbd7 7. Nc3 Be7 8. Bh2 O-O 9. Bd3 Re8 10.
O-O a6 11. e4 g6 12. Re1 c5 13. d5 e5 14. a3 Nh5 15. b4 Rf8 16. Rb1 cxb4 17.
axb4 Ng7 18. Nd2 f5 19. Nb3 Rc8 20. Qe2 fxe4 21. Nxe4 Nf6 22. c5 Bxd5 23. cxd6 Bxd6 24. Nxd6 Qxd6 25. Bxe5 Qxb4 26. Nd4 Qe7 27. Bxa6 Ra8 28. Qb5 Qc5 29. Qxb6 Qxb6 30. Rxb6 Ne4 31. Bb7 Bxb7 32. Rxb7 Nf5 33. Rxe4 Ra1+ 34. Kh2 Nxd4 35. Rg7+ 1-0

[Event "Early-Titled-Tuesday-Blitz-February-20-2024"]
[Site "Chess.com"]
[Date "2024.02.20"]
[Round "2"]
[White "DishonorOnYourCow"]
[Black "ckgchess"]
[Result "1-0"]
[WhiteElo "2603"]
[BlackElo "2857"]
[TimeControl "180+1"]
[EndTime "8:17:30 PST"]
[Termination "DishonorOnYourCow won on time"]

1. d4 Nf6 2. c4 g6 3. Nc3 Bg7 4. e4 O-O 5. f4 d6 6. Nf3 Bg4 7. Be2 Nc6 8. O-O Bxf3 9. Bxf3 e5 10. fxe5 dxe5 11. d5 Nd4 12. Be3 Nd7 13. Bg4 h5 14. Bxd7 Qxd7 15. Qd2 f5 16. exf5 gxf5 17. Ne2 Nxe2+ 18. Qxe2 Qe8 19. Bc5 Rf6 20. Rae1 b6 21. Bd4 Qg6 22. Bxe5 Re8 23. Qf3 Rf7 24. Bxg7 Rxe1 25.
Rxe1 Rxg7 26. h4 Qg4 27. Qxg4 Rxg4 28. b3 Kf7 29. Re6 c5 30. Rc6 Rxh4 31. Rc7+ Kf6 32. Rxa7 Rd4 33. Rb7 Rd2 34. Rxb6+ Ke5 35. Re6+ Kf4 36.
a4 Rd3 37. a5 Rxb3 38. a6 Ra3 39. Kh2 h4 40. d6 Rxa6 41. d7 Rxe6 42. d8=Q Re5 43.
Qxh4+ Ke3 44. Qg3+ Kd4 45. Qf4+ Re4 46. Qxf5 Re2 47.
Qd5+ 1-0

[Event "Early-Titled-Tuesday-Blitz-February-20-2024"]
[Site "Chess.com"]
[Date "2024.02.20"]
[Round "2"]
[White "Dacean99"]
[Black "SchmakAttack"]
[Result "0-1"]
[WhiteElo "2566"]
[BlackElo "2816"]
[TimeControl "180+1"]
[EndTime "8:17:33 PST"]
[Termination "SchmakAttack won by resignation"]

1. e4 c5 2. c3 d5 3. exd5 Nf6 4. d4 Nxd5 5. dxc5 e6 6. Bb5+ Bd7 7. Bxd7+ Qxd7 8.
Nf3 Bxc5 9. O-O O-O 10. Nbd2 Qc7 11. Ne4 Be7 12. Qc2 h6 13. Bd2 Nd7 14. Rad1 b5 15. a4 a6 16. axb5 axb5 17. Nd4 Qb7 18. Rfe1 Nc5 19.
Nxc5 Bxc5 20. Qe4 Bxd4 21. Qxd4 Ra4 22. Qe5 Rg4 23. f3 Ra4 24. Qg3 Kh7 25. Re2 Rfa8 26. Rde1 Ra1 27. h3 Rxe1+ 28. Qxe1 Qc6 29. Kh1 Qc4 30. Re5 Ra2 31. Qe4+ Kg8 32. Qc2 Nb4 33. Qb1 Nd3 34. Re4 Rxb2 35. Qd1 Nf2+ 0-1

[Event "Early-Titled-Tuesday-Blitz-February-20-2024"]
[Site "Chess.com"]
[Date "2024.02.20"]
[Round "2"]
[White "arturdailima"]
[Black "ansko1999"]
[Result "0-1"]
[WhiteElo "2390"]
[BlackElo "2691"]
[TimeControl "180+1"]
[EndTime "8:17:33 PST"]
[Termination "ansko1999 won by resignation"]

1. e4 d5 2. Nc3 dxe4 3. Nxe4 Nd7 4. Nf3 Ngf6 5. Qe2 Nxe4 6. Qxe4 Nf6 7. Qa4+ Bd7 8. Qb3 Bc6 9. Ne5 Bd5 10. Qa4+ c6 11. d4 e6 12. c3 Bd6 13. Bg5 h6 14. Bh4 b5 15. Qc2 a5 16. f3 a4 17. Bd3 Qc7 18. Qe2 Nh5 19. Qe3 g5 20. Bg3 Nxg3 21. hxg3 O-O-O 22. f4 Bxg2 23. Rh2 Bd5 24. O-O-O gxf4 25. gxf4 Bxa2 26. Rdh1 Bd5 27. Rg1 a3 28. b4 a2 29. Kb2 Rdg8 30. Re1 h5 31. f5 f6 32. Ng6 Bxh2 33. Nxh8 Rxh8 34. fxe6 Re8 35. Bf5 Kb8 36.
e7 Bd6 37. Qh6 Rxe7 38. Qf8+ Kb7 39. Rxe7 Qxe7 40. Qc8+ Ka7 41. Bc2 Bxb4 0-1

[Event "Early-Titled-Tuesday-Blitz-February-20-2024"]
[Site "Chess.com"]
[Date "2024.02.20"]
[Round "2"]
[White "zajka-molotok"]
[Black "Chemim21"]
[Result "1-0"]
[WhiteElo "2502"]
[BlackElo "2226"]
[TimeControl "180+1"]
[EndTime "8:17:33 PST"]
[Termination "zajka-molotok won by resignation"]

1. e4 d5 2. exd5 Qxd5 3. Nc3 Qa5 4. d4 c6 5. Nf3 Nf6 6. Bc4 Bg4 7. h3 Bxf3 8. Qxf3 Nbd7 9. O-O e6 10. Ne2 Be7 11.
Bf4 O-O 12. c3 Qb6 13. Bb3 a5 14. Rab1 a4 15. Bc2 c5 16. Rfd1 cxd4 17. Nxd4 Nd5 18.
Bg3 Bf6 19. Rd2 a3 20. bxa3 Qa5 21. Rxb7 Ne5 22. Bxe5 Bxe5 23. Bxh7+ Kxh7 24. Qh5+ Kg8 25. Qxe5 Qxc3 26. Re2 Rxa3 27. Kh2 Qc1 28. Nxe6 Qh6 29. Qxd5 fxe6 30. Rxe6 Qf4+ 31. Kh1 Rf7 32. Re8+ Kh7 33. Qh5+ Qh6 34. Qxh6+ Kxh6 35. Rxf7 Rxa2 36. Re6+ Kh7 37.
Ree7 1-0

[Event "Early-Titled-Tuesday-Blitz-February-20-2024"]
[Site "Chess.com"]
[Date "2024.02.20"]
[Round "2"]
[White "ahmedkandiliii"]
[Black "IM_ArthurDW08"]
[Result "0-1"]
[WhiteElo "2534"]
[BlackElo "2768"]
[TimeControl "180+1"]
[EndTime "8:17:34 PST"]
[Termination "IM_ArthurDW08 won by resignation"]

1. e4 c5 2. Nf3 Nc6 3. Bb5 Qb6 4. a4 g6 5. O-O Bg7 6. Nc3 a6 7.
Bxc6 Qxc6 8. a5 d6 9. d4 Bg4 10. d5 Qc7 11. h3 Bxf3 12. Qxf3 Nf6 13. Be3 O-O 14. Na4 Nd7 15. c3 e6 16. Rfd1 exd5 17.
Rxd5 Nf6 18. Rd2 Rfe8 19. Nb6 Rab8 20. Nd5 Nxd5 21. Rxd5 Qe7 22. Rad1 Be5 23. Bh6 Rbd8 24. Qe3 Qe6 25. Bg5 f6 26. f4 Bxc3 27. Bh4 Bd4 28.
R1xd4 cxd4 29. Qxd4 Qxe4 30. Bxf6 Qxd4+ 31. Rxd4 Rd7 32. Rd5 Kf7 33. Bc3 Rc8 34. Kf2 Rc5 35. Rd2 d5 36. Kf3 Rc4 37. g3 d4 38. Rd3 dxc3 39. Rxd7+ Ke6 40.
Rd1 cxb2 41. Rb1 Rb4 42. Ke3 Kd5 43. Kd3 Kc5 44. Kc3 Kb5 45. Rxb2 Rxb2 46. Kxb2 Kxa5 47. g4 Kb5 48. f5 gxf5 49. gxf5 Kc5 50. f6 Kd6 51. f7 Ke7 52. f8=Q+ Kxf8 53. Kc3 Kg7 54. Kc4 b5+ 55. Kb4 Kh6 56. Ka5 Kh5 57. Kxa6 b4 58. Kb5 b3 59. Kc4 b2 60. Kd4 b1=Q 61. Ke3 Qb8 62. Kf3 Qg8 63. Kf2 Kh4 0-1

[Event "Early-Titled-Tuesday-Blitz-February-20-2024"]
[Site "Chess.com"]
[Date "2024.02.20"]
[Round "2"]
[White "Larina_Maria"]
[Black "CaspiIsrael"]
[Result "0-1"]
[WhiteElo "2291"]
[BlackElo "2713"]
[TimeControl "180+1"]
[EndTime "8:17:35 PST"]
[Termination "CaspiIsrael won on time"]

1. e4 e5 2. Nf3 Nc6 3. Nc3 Nf6 4.
Bb5 Nd4 5. Nxd4 exd4 6. e5 dxc3 7. exf6 Qxf6 8. dxc3 Bc5 9. O-O O-O 10. Bd3 g6 11. Bh6 Re8 12. Qd2 d5 13. Bg5 Qd6 14. Bf4 Qd8 15.
Rae1 Be6 16. Be3 Bf8 17. Bh6 Bxh6 18. Qxh6 Qf6 19. Qd2 c6 20. b3 a5 21. a4 b6 22.
Re3 h5 23. Rfe1 c5 24. Rf3 Qg7 25. Bb5 Red8 26. Qg5 d4 27. c4 Rd6 28. h3 Rad8 29. Rf6 Kh7 30. Rf3 d3 31. cxd3 Rxd3 32.
Rxd3 Rxd3 33. Re3 Rd2 34. Bc6 Qa1+ 35. Kh2 Rxf2 36. Be8 Qf6 37. Qg3 h4 38. Qc7 Qf4+ 39.
Qxf4 Rxf4 40. Bc6 Kg7 41. Kg1 Kf6 42. g3 hxg3 43. Rxg3 g5 44. Kg2 Kg6 45. Bf3 f6 46. Bc6 Bf5 47. Be8+ Kh6 48. Bc6 Kh5 49. Re3 Kh4 50.
Be8 Rd4 0-1

[Event "Early-Titled-Tuesday-Blitz-February-20-2024"]
[Site "Chess.com"]
[Date "2024.02.20"]
[Round "2"]
[White "agvania123"]
[Black "karinachess1"]
[Result "0-1"]
[WhiteElo "2392"]
[BlackElo "2675"]
[TimeControl "180+1"]
[EndTime "8:17:35 PST"]
[Termination "karinachess1 won on time"]

1. e4 e5 2. Nc3 Nf6 3. g3 d5 4. exd5 Nxd5 5. Bg2 Nxc3 6. bxc3 Nc6 7. d3 Bd6 8. Ne2 O-O 9. O-O Bg4 10. Rb1 Rb8 11.
h3 Be6 12. c4 e4 13. Bxe4 Bxh3 14. Re1 Bg4 15. Be3 f5 16. Bd5+ Kh8 17. f3 Bh5 18.
Nf4 Bf7 19. Kg2 Bxf4 20. Bxf4 Bxd5 21. cxd5 Qxd5 22. Bxc7 Rbc8 23. Bf4 Nd4 24. Rb2 Rfe8 25. Rxe8+ Rxe8 26. c3 Re2+ 27. Qxe2 Nxe2 28. Rxe2 Kg8 29. d4 Kf7 30. Kf2 a5 31. a3 Qb3 32. Re3 Qxa3 33. g4 fxg4 34. fxg4 a4 35. d5 Qa2+ 36. Kg3 Qxd5 37. Re5 Qd3+ 38. Re3 Qd1 39. Be5 a3 40. Rf3+ Ke6 41. Bd4 a2 42. Re3+ Kd6 43. Be5+ Kd5 0-1

[Event "Early-Titled-Tuesday-Blitz-February-20-2024"]
[Site "Chess.com"]
[Date "2024.02.20"]
[Round "2"]
[White "Brave_spirit12"]
[Black "annamaja"]
[Result "1-0"]
[WhiteElo "2726"]
[BlackElo "2395"]
[TimeControl "180+1"]
[EndTime "8:17:36 PST"]
[Termination "Brave_spirit12 won by resignation"]

1. e4 e6 2. d4 d5 3. Nc3 Nf6 4. e5 Nfd7 5. f4 c5 6. Nf3 Nc6 7. Be3 a6 8. Qd2 b5 9. a3 Qa5 10. Nb1 b4 11. Be2 Be7 12. O-O Kf8 13. c3 cxd4 14.
cxd4 Rb8 15. a4 b3 16. Nc3 Nb4 17. f5 exf5 18. Bg5 h6 19. Bxe7+ Kxe7 20. Nh4 g6 21. Bd3 Nxd3 22. Qxd3 Rb4 23. Rae1 Nb6 24. g4 Nc4 25. gxf5 g5 26. f6+ Kd8 27. e6 Nxb2 28.
Qg3 Qb6 29. exf7 gxh4 30. Re8+ Rxe8 31. fxe8=Q+ Kxe8 32. f7+ Kd7 33. Qg4+ Kc7 34. Nxd5+ Kb7 35. Qxc8+ Kxc8 36. Nxb6+ 1-0

[Event "Early-Titled-Tuesday-Blitz-February-20-2024"]
[Site "Chess.com"]
[Date "2024.02.20"]
[Round "2"]
[White "Bigfish1995"]
[Black "NovozhilovSemen"]
[Result "1-0"]
[WhiteElo "3181"]
[BlackElo "2677"]
[TimeControl "180+1"]
[EndTime "8:17:37 PST"]
[Termination "Bigfish1995 won by resignation"]

1. e4 c5 2. Nf3 Nc6 3. Nc3 d6 4. d4 cxd4 5. Nxd4 Nf6 6. Nf3 e5 7. Bc4 Be7 8. O-O Be6 9. Bb3 O-O 10. h3 h6 11. Nh4 Nd4 12. Bxe6 fxe6 13. Ng6 Rf7 14. f4 Nc6 15. f5 exf5 16. Rxf5 Qb6+ 17. Kh2 Kh7 18. Nd5 Qd4 19. Qxd4 Nxd4 20. Ngxe7 Nxf5 21.
Nxf6+ Rxf6 22. Nxf5 d5 23. Bd2 dxe4 24. Ne3 Rc8 25. Bc3 Rc5 26. a4 a6 27. a5 h5 28.
Ra4 Rf4 29. Kg1 Kg6 30. Be1 h4 31. Bd2 Kf7 32. Rb4 Rc7 33. Rb6 Rf6 34. Rb4 Rd6 35.
Bc3 Rc5 36. Rxe4 g5 37. Bb4 1-0

[Event "Early-Titled-Tuesday-Blitz-February-20-2024"]
[Site "Chess.com"]
[Date "2024.02.20"]
[Round "2"]
[White "NikitaShnadrygin"]
[Black "Yushko_Olga"]
[Result "1-0"]
[WhiteElo "2697"]
[BlackElo "2204"]
[TimeControl "180+1"]
[EndTime "8:17:37 PST"]
[Termination "NikitaShnadrygin won on time"]

1. e4 e6 2. d4 d5 3. Nd2 Nf6 4. e5 Nfd7 5. f4 c5 6. c3 Nc6 7. Ndf3 Qb6 8. h4 cxd4 9. cxd4 Bb4+ 10. Kf2 f6 11. Be3 O-O 12. g3 fxe5 13. fxe5 Ne7 14.
Kg2 Nf5 15. Bf2 Nh6 16. Bd3 Nb8 17. Nh3 Nc6 18. Nhg5 Ng4 19. Bxh7+ Kh8 20. Bg1 Bd7 21. Bc2 Rac8 22. Nf7+ Rxf7 23. Ng5 Nh6 24. Nxf7+ Nxf7 25. Be3 Na5 26. Bd3 Nc4 27. Qh5+ Kg8 28. Bc1 1-0

[Event "Early-Titled-Tuesday-Blitz-February-20-2024"]
[Site "Chess.com"]
[Date "2024.02.20"]
[Round "2"]
[White "wqws"]
[Black "LyonBeast"]
[Result "0-1"]
[WhiteElo "2678"]
[BlackElo "3185"]
[TimeControl "180+1"]
[EndTime "8:17:38 PST"]
[Termination "LyonBeast won by resignation"]

1. e4 c5 2. Nf3 d6 3. d4 cxd4 4. Nxd4 Nf6 5. Nc3 a6 6. Bg5 Nbd7 7. Bc4 Qa5 8. Qd2 e6 9. O-O-O Be7 10. Kb1 Nc5 11.
f3 Bd7 12. Nb3 Nxb3 13. Bxb3 Bc6 14. Rhe1 Rd8 15. h4 Qc7 16. Nd5 Bxd5 17. exd5 e5 18.
f4 O-O 19. f5 Rfe8 20. g4 Nd7 21. Be3 e4 22. g5 Ne5 23. Rf1 Nf3 24. Qg2 Bf8 25. h5 Qd7 26. g6 Qxf5 27. gxf7+ Qxf7 28. h6 g6 29. c3 Rd7 30. Bc2 Qf5 31. a4 Rf7 32. a5 Be7 33. Rd4 Nd2+ 34. Qxd2 Qxf1+ 35.
Ka2 Bf6 36. Rb4 Qf5 37. Rb6 Be5 38. Rb4 Bf4 39. c4 Bxe3 40. Qxe3 Qf3 41. Rb3 Qxe3 42. Rxe3 Rf4 43. b4 Rf3 44. Rxe4 Rxe4 45. Bxe4 Rf4 46.
Bd3 Kf8 47. Kb3 Ke7 48. c5 Kd7 49. c6+ Kc7 50. cxb7 Kxb7 51. b5 axb5 52. Bxb5 Rh4 0-1

[Event "Early-Titled-Tuesday-Blitz-February-20-2024"]
[Site "Chess.com"]
[Date "2024.02.20"]
[Round "2"]
[White "Shivananda1964"]
[Black "SergioMoralesG"]
[Result "0-1"]
[WhiteElo "2329"]
[BlackElo "2559"]
[TimeControl "180+1"]
[EndTime "8:17:38 PST"]
[Termination "SergioMoralesG won on time"]

1. e4 c5 2. Nf3 e6 3. c3 Nf6 4. e5 Nd5 5. g3 Nc6 6. Bg2 Be7 7. O-O O-O 8. Re1 b6 9. Na3 d6 10. exd6 Bxd6 11. Nc4 Be7 12. a4 Bb7 13. d3 a6 14.
Qb3 Qc7 15. h4 h6 16. Bd2 Rab8 17. Ne3 Nxe3 18. Bxe3 Rfd8 19. Qc4 Bf6 20. Bf4 e5 21. Be3 Qd7 22. Rad1 Na5 23. Qa2 Bc6 24. b4 Nb7 25. a5 bxa5 26. bxc5 Bd5 27. Qa3 Qc6 28. Nxe5 Bxe5 29.
Bxd5 Qxd5 30. d4 Bf6 31. Qa4 Qf3 32. c4 Re8 33. d5 Re4 34. Bf4 Rxf4 35. gxf4 Bxh4 36.
Qc2 Nxc5 37. Re3 Qxf4 38. Rde1 g6 0-1